 Dungeon Crawl Stone Soup version 0.17-a0-1767-gccbed74 (webtiles) character file.

91 Ladykiller69 the Shield-Bearer (level 4, 0/37 HPs)
             Began as a Formicid Fighter on Sept 6, 2015.
             Was a Follower of Nemelex Xobeh.
             Slain by an iguana (5 damage)
             ... on level 3 of the Dungeon.
             The game lasted 00:05:51 (2174 turns).

Ladykiller69 the Shield-Bearer (Formicid Fighter)   Turns: 2174, Time: 00:05:51

Health: 0/37       AC: 11    Str: 22    XL:     4   Next: 87%
Magic:  4/4        EV:  4    Int:  7    God:    Nemelex Xobeh [*.....]
Gold:   115        SH:  9    Dex: 10    Spells: 0 memorised, 3 levels left

rFire  . . .     SeeInvis +     a - +0 war axe
rCold  . . .     Clarity  .     o - +0 plate armour
rNeg   . . .     SustAt   .     c - +0 shield
rPois  .         Gourm    .     (helmet unavailable)
rElec  .         Spirit   .     (no cloak)
rCorr  .         Warding  .     (no gloves)
rMut   .         Stasis   +     (no boots)
MR     .....                    (no amulet)
Stlth  ..........               (no ring)
                                (no ring)

@: not resistant to hostile enchantments, extremely unstealthy
A: permanent stasis, dig shafts and tunnels, four strong arms, antennae 3
a: Dig, Shaft Self, Renounce Religion


You were on level 3 of the Dungeon.
You worshipped Nemelex Xobeh.
Nemelex Xobeh was aware of your devotion.
You were hungry.

You visited 1 branch of the dungeon, and saw 3 of its levels.

You collected 115 gold pieces.

Inventory:

Hand weapons
 a - a +0 war axe (weapon)
Armour
 b - a +0 scale mail
 c - a +0 shield (worn)
 o - a +0 plate armour (worn)
 q - a +0 plate armour
Jewellery
 j - an uncursed ring of fire {unknown}
 m - a cursed ring of loudness {unknown}
Scrolls
 f - 3 scrolls of amnesia {unknown}
 h - a scroll of noise {unknown}
 l - a scroll of remove curse {unknown}
 n - a scroll of enchant weapon {unknown}
Potions
 d - a potion of might
Miscellaneous
 i - a plain deck of destruction
 p - a plain deck of destruction
Comestibles
 e - 4 bread rations
 g - a slice of pizza
 k - 3 meat rations


   Skills:
 + Level 3.7 Fighting
 * Level 3.3 Axes
 + Level 3.8 Armour
 + Level 4.3 Shields


You had 3 spell levels left.
You didn't know any spells.

Dungeon Overview and Level Annotations

Branches:
Dungeon (3/15)

Altars:
Nemelex Xobeh
Trog


Innate Abilities, Weirdness & Mutations

You are under a permanent stasis effect.
You can dig through walls and to a lower floor.
Your four strong arms can wield two-handed weapons with a shield.
You have a pair of large antennae on your head (SInv).


Message History

You see here 11 gold pieces.
You now have 115 gold pieces (gained 11).
You hit the iguana but do no damage. The iguana bites you.
The iguana bites you but does no damage.
You hit the iguana but do no damage. The iguana bites you.
You closely miss the iguana. The iguana bites you! The iguana bites you.
You hit the iguana but do no damage. You block the iguana's attack.
You hit the iguana but do no damage.
The iguana bites you but does no damage.
You hit the iguana but do no damage. You block the iguana's attack.
The iguana bites you!
* * * LOW HITPOINT WARNING * * *
You slash the iguana!
The iguana is severely wounded.
The iguana bites you but does no damage.
You hit the iguana.
The iguana is almost dead.
The iguana bites you.
You die...
Your body glows slightly and disappears.

#..........##..
#.<...........#
#...........#
#..........#
#..........#
#..........#
###[.......[.#
..##.....####.......
.......@..# .......
.......l...# .......
...........# .......
..$........# #......
...........# ......
...........#
.....!......
..........#.#


You could see an iguana.

Vanquished Creatures
  5 adders (D:2)
  3 worms (D:2)
  6 bats
  4 giant cockroaches
  2 goblins
  3 hobgoblins (D:2)
  A ball python (D:2)
  6 giant newts
  7 kobolds
  4 rats
41 creatures vanquished.

Notes
Turn   | Place    | Note
--------------------------------------------------------------
     0 | D:1      | Ladykiller69 the Formicid Fighter began the quest for the Orb.
     0 | D:1      | Reached XP level 1. HP: 18/18 MP: 1/1
   276 | D:1      | Reached XP level 2. HP: 22/24 MP: 2/2
   584 | D:2      | Reached XP level 3. HP: 22/29 MP: 3/3
   610 | D:2      | Found a bloodstained altar of Trog.
   889 | D:2      | Reached skill level 4 in Shields
  1029 | D:2      | HP: 1/29 [adder (3)]
  1032 | D:2      | Reached XP level 4. HP: 8/35 MP: 4/4
  1275 | D:2      | Found a faded altar to an unknown god.
  1314 | D:2      | Became a worshipper of Nemelex Xobeh the Trickster
  1314 | D:2      | Received a gift from Nemelex Xobeh
  2120 | D:3      | Received a gift from Nemelex Xobeh
  2174 | D:3      | Slain by an iguana

Vault maps used:
D:1:      matt_arrival_refuge
D:2:      lemuel_crystal_altar, ecumenical_altar_2
D:3:      okawaru_altar_gauntlet_db

Action                   |  1- 3 |  4- 6 || total
-------------------------+-------+-------++-------
Melee: War axe           |   107 |    91 ||   198
 Abil: Dig               |       |     1 ||     1
  Use: Potion            |     2 |       ||     2
  Eat: Chunk             |       |     4 ||     4
